 Dungeon Crawl Stone Soup version 0.28-a0-21-gf74fda84f9 (webtiles) character file.

Game seed: 14944003525930137530

23 Spectrina the Magician (level 3, -1/28 HPs)
             Began as a Djinni Warper on July 26, 2021.
             Slain by a jackal (2 damage)
             ... on level 2 of the Dungeon.
             The game lasted 00:01:34 (267 turns).

Spectrina the Magician (Djinni Warper)               Turns: 267, Time: 00:01:35

Health: -1/28      AC:  3    Str: 10    XL:     3   Next: 10%
Gold:   44         EV: 11    Int: 15    God:
                   SH:  0    Dex: 12

rFire   + + .      SeeInvis .   h - +0 morningstar
rCold   x . .      Faith    .   (no shield)
rNeg    . . .      Spirit   .   b - +0 leather armour
rPois   ∞          Reflect  .   (no helmet)
rElec   .          Harm     .   (no cloak)
rCorr   .          Rampage  .   (no gloves)
Will    .....                   (boots unavailable)
Stlth   +.........              (no amulet)
HPRegen 0.09/turn               (no ring)
MPRegen 0.00/turn               (no ring)

@: flying, very slightly contaminated
A: sickness immunity, fire resistance 2, cold vulnerability 1, float, innate
caster, hp casting, extra vitality 1
a: no special abilities


You were on level 2 of the Dungeon.
You visited 1 branch of the dungeon, and saw 3 of its levels.

You collected 44 gold pieces.

Inventory:

Hand Weapons
 a - a +0 mace
 h - a +0 morningstar (weapon)
Missiles
 d - 5 boomerangs of dispersal (quivered)
 f - 2 throwing nets
Armour
 b - a +0 leather armour (worn)
Wands
 g - a wand of acid (4)
Scrolls
 c - a scroll of blinking
 e - a scroll of magic mapping {unknown}


   Skills:
 - Level 2.0 Fighting
 - Level 1.5 Maces & Flails
 - Level 0.7 Throwing
 - Level 1.0 Armour
 - Level 2.1 Dodging
 + Level 3.2 Spellcasting


You couldn't memorise any spells.
You knew the following spells:

 Your Spells              Type           Power      Damage    Failure   Level
a - Blink                 Tloc           N/A        N/A       11%         2
b - Lesser Beckoning      Tloc           6%         N/A       22%         3
c - Gell's Gravitas       Tloc           6%         N/A       22%         3
d - Teleport Other        Tloc           12%        N/A       22%         3
e - Manifold Assault      Tloc           12%        N/A       89%         5
f - Freeze                Ice            48%        1d7       7%          1
Your spell library was empty.

Dungeon Overview and Level Annotations

Branches:
Dungeon (3/15)

Altars:


Innate Abilities, Weirdness & Mutations

You are immune to sickness and miasma.
You are immune to poison.
Your flesh is very heat resistant. (rF++)
You are vulnerable to cold. (rC-)
You float through the air rather than walking.
You learn spells naturally, not from books.
Your magical power is your life essence.
You have superior vitality. (+4 HP)


Message History

You freeze the jackal.
The jackal is moderately wounded.
* * * LOW HITPOINT WARNING * * *
The jackal bites you.
* * * LOW HITPOINT WARNING * * *
Casting: Freeze (safe; 8% risk of failure)
Confirm with . or Enter, or press ? or * to list all spells.
Aiming: Freeze (safe; 8% risk of failure)
Press: ? - help, Shift-Dir - straight line, f/p - jackal
Aim: a jackal (moderately wounded)
You freeze the jackal.
You kill the jackal!
* * * LOW HITPOINT WARNING * * *
The jackal closely misses you.
Casting: Freeze (safe; 7% risk of failure)
Confirm with . or Enter, or press ? or * to list all spells.
Aiming: Freeze (safe; 7% risk of failure)
Press: ? - help, Shift-Dir - straight line, f - jackal
Aim: a jackal You miscast Freeze.
You are very lightly contaminated with residual magic.
Nothing appears to happen.
* * * LOW HITPOINT WARNING * * *
The jackal bites you.
* * * LOW HITPOINT WARNING * * *
Unknown command.
Casting: Freeze (safe; 7% risk of failure)
Confirm with . or Enter, or press ? or * to list all spells.
Aiming: Freeze (safe; 7% risk of failure)
Press: ? - help, Shift-Dir - straight line, f/p - jackal
Aim: a jackal You freeze the jackal.
The jackal is severely wounded.
* * * LOW HITPOINT WARNING * * *
The jackal closely misses you.
You miss the jackal.
The jackal is severely wounded.
The jackal bites you but does no damage.
The jackal bites you.
You die...

.#.#. ....# # #...#
.# ...# .# ..# ##..#
#.###.# ####...#
#.....#####....###..
#....@hS......S#
#.#####....###h.
#.....####...#
........##....###..#
........#####..# .#
...............## .#
.!..............# #
####............##
#. #...#.........#
..


You could see a jackal and a ball python.

Vanquished Creatures
  An adder (D:3)
  A giant cockroach (D:1)
  3 jackals (D:2)
  2 kobolds (D:1)
  A quokka (D:2)
  A ball python (D:1)
  A bat (D:1)
  A frilled lizard (D:1)
  3 rats (D:1)
14 creatures vanquished.

Notes
Turn   | Place    | Note
-------+----------+-------------------------------------------
     0 | D:1      | Spectrina the Djinni Warper began the quest for the Orb.
     0 | D:1      | Reached XP level 1. HP: 18/18 MP: 0/0
   140 | D:1      | Reached XP level 2. HP: 11/23 MP: 0/0
   216 | D:3      | Reached skill level 3 in Spellcasting
   261 | D:2      | Reached XP level 3. HP: 12/28 MP: 0/0
   261 | D:2      | Learned a level 1 spell: Freeze
   267 | D:2      | Slain by a jackal

Illustrated notes

Levels and vault maps discovered:
D:1:      tarquinn_simple_flora_water_d, layout_basic
D:2:      minmay_general_purpose_star, layout_basic, kennysheep_nondescript,
          minivault_19
D:3:      layout_loops_ring, nzn_wu_jian_council_hall, basic_ecumenical_altar

Skill      XL: |  1  2 |
---------------+-------+-----
Spellcasting   | 3 |  3.2
Fighting       | |  2.0
Maces & Flails | |  1.5
Throwing       | |  0.7
Armour         | |  1.0
Dodging        | |  2.1

Action                   || total
-------------------------++-------
Melee: Mace              ||    54
       Morningstar       ||     6
 Cast: Freeze            ||     5
Armor: Leather armour    ||    31
Dodge: Dodged            ||    52

Table legend: (Time is in decaauts)
 A = Elapsed time spent in this place.
 B = Non-inter-level travel time spent in this place.
 C = Inter-level travel time spent in this place.
 D = Time resting spent in this place.
 E = Time spent auto-exploring this place.
 F = Levels seen in this place.
 G = Mean time per level.
                   A        B        C        D        E       F      G
               +--------+--------+--------+--------+--------+-----+--------+
         Total |    286 |    286 |      0 |      0 |      0 |   3 |   95.3 |
       Dungeon |    286 |    286 |      0 |      0 |      0 |   3 |   95.3 |
               +--------+--------+--------+--------+--------+-----+--------+

Top non-repeatable levels by time:
     D:1: 197 daAuts
     D:2: 74 daAuts
     D:3: 14 daAuts
